 Dungeon Crawl Stone Soup version 0.31.0-7-gf635a9b802 (webtiles) character file.

Game seed: 9956214228159785898

18984 jackrogers the Severer (level 12, 0/107 HPs)
             Began as a Hill Orc Fighter on Jan 23, 2024.
             Was the Champion of Okawaru.
             Slain by a death yak (11 damage)
             ... on level 3 of the Lair of Beasts.
             The game lasted 00:20:43 (11666 turns).

jackrogers the Severer (Hill Orc Fighter)          Turns: 11666, Time: 00:20:44

Health: 0/107      AC: 17    Str: 30    XL:     12   Next: 64%
Magic:  12/12      EV:  8    Int:  8    God:    Okawaru [******]
Gold:   491        SH: 12    Dex: 10    Spells: 11/11 levels left

rFire   . . .        a - +1 war axe (flame)
rCold   . . .        c - +1 buckler
rNeg    . . .        z - +0 plate armour
rPois   .            (no helmet)
rElec   .            A - +0 cloak
rCorr   .            r - +0 pair of gloves
SInv    .            (no boots)
Will    .....        g - amulet of reflection Stlth
                     p - +6 ring of strength
HPRegen 0.37/turn    (no ring)
MPRegen 0.13/turn

%: reflection
@: no status effects
A: no striking features
a: Renounce Religion, Heroism, Finesse, Duel, Receive Weapon, Receive Armour


You were on level 3 of the Lair of Beasts.
You worshipped Okawaru.
Okawaru was exalted by your worship.
You visited 3 branches of the dungeon, and saw 13 of its levels.
You also visited: Sewer.

You collected 491 gold pieces.

Inventory:

Hand Weapons
 a - a +1 war axe of flaming (weapon)
 s - a +2 antimagic great mace
 C - a +4 trident of draining
 F - a +1 shortbow of freezing
 N - a +0 battleaxe
Missiles
 t - 10 boomerangs (quivered)
 E - 2 throwing nets
 L - 2 javelins
Armour
 b - a +0 scale mail
 c - a +1 buckler (worn)
 r - a +0 pair of gloves (worn)
 z - a +0 plate armour (worn)
 A - a +0 cloak (worn)
 D - an orb of mayhem
Jewellery
 d - a ring of flight
 g - an amulet of reflection (around neck)
 i - a ring of positive energy
 j - an amulet of the acrobat
 n - a ring of protection from cold
 p - a +6 ring of strength (left hand)
 y - the amulet "Ufam" {Reflect Harm rPois Str-4 SH+5 SInv}
   (You found it on level 4 of the Dungeon)

   [amulet of reflection]

   Reflect:   It reflects blocked missile attacks.
   Str-4:     It affects your strength (-4).
   rPois:     It protects you from poison SInv: It lets you see invisible.
   SH+5:      It affects your SH (+5).
   Harm:      It increases damage dealt and taken.
Wands
 w - a wand of flame (41)
 G - a wand of mindburst (16)
 O - a wand of polymorph (3)
Scrolls
 f - 3 scrolls of blinking
 l - 3 scrolls of amnesia
 v - 7 scrolls of teleportation
 B - a scroll of enchant armour
 J - a scroll of vulnerability
 K - 2 scrolls of poison
Potions
 e - a potion of invisibility
 h - 3 potions of curing
 k - a potion of heal wounds
 m - a potion of mutation
 o - 2 potions of ambrosia
 q - 2 potions of brilliance
 u - 2 potions of degeneration
 x - a potion of enlightenment
 H - 2 potions of cancellation
 I - a potion of might
 P - a potion of haste


   Skills:
 + Level 10.4 Fighting
 + Level 19.0(19.1) Axes
 - Level 2.2(10.8) Polearms
 + Level 9.5 Armour
 + Level 9.5 Shields


You had 11 spell levels left.
You didn't know any spells.
Your spell library contained the following spells:

 Spells                   Type           Power      Damage    Failure   Level
 Shock                    Conj/Air       0%         1d3       98%         1
 Cigotuvi's Dreadful Rot  Necr/Alch/Air  0%         N/A       99%         2
 Ensorcelled Hibernation  Hex/Ice        0%         N/A       99%         2
 Jinxbite                 Hex            0%         N/A       99%         2
 Frozen Ramparts          Ice            0%         1d1       100%        3
 Inner Flame              Hex/Fire       0%         N/A       100%        3
 Passwall                 Erth           0%         N/A       100%        3
 Swiftness                Air            0%         N/A       100%        3
 Airstrike                Air            0%         2d(0-16)  100%        4
 Cause Fear               Hex            0%         N/A       100%        4
 Dispel Undead            Necr           0%         3d6       100%        4
 Leda's Liquefaction      Alch/Erth      0%         N/A       100%        4
 Petrify                  Alch/Erth      0%         N/A       100%        4
 Fireball                 Conj/Fire      0%         3d3       100%        5
 Metabolic Englaciation   Hex/Ice        0%         N/A       100%        5
 Tukima's Dance           Hex            Unusable   N/A       N/A         3
 Martyr's Knell           Necr/Summ      Unusable   N/A       N/A         4
 Death Channel            Necr           Unusable   N/A       N/A         6
 Dragon's Call            Summ           Unusable   N/A       N/A         9

Dungeon Overview and Level Annotations

Branches:
Dungeon (9/15)             Temple (1/1) D:6            Lair (3/5) D:8
  Swamp (0/4) Lair:2        Sewer (visited)
  Snake: Lair:2-3    Spider: Lair:2-3       Orc: D:9-12

Altars:
Ashenzari
Cheibriados
Dithmenos
Elyvilon
Fedhas
Gozag
Hepliaklqana
Kikubaaqudgha
Nemelex Xobeh
Okawaru
Ru
Sif Muna
Trog
Uskayaw
Vehumet
Wu Jian
Xom
Yredelemnul
Zin
The Shining One

Shops:
D:9 !


Message History

You hit the black mamba. You burn the black mamba.
The black mamba is almost dead.
You completely miss the bullfrog. You block the bullfrog's attack.
The black mamba bites you!
You barely miss the black mamba.
The black mamba is almost dead.
You slash the death yak! You burn the death yak. The black mamba bites you!
* * * LOW HITPOINT WARNING * * *
You slash the black mamba! You burn the black mamba.
You kill the black mamba!
Okawaru accepts your kill.
You barely miss the death yak. You hit the death yak but do no damage.
The death yak is moderately wounded.
The death yak gores you!!
* * * LOW HITPOINT WARNING * * *
You slash the death yak! You burn the death yak.
The death yak is moderately wounded.
You feel much better. The death yak gores you.
* * * LOW HITPOINT WARNING * * *
You hit the death yak but do no damage.
The death yak is moderately wounded.
The death yak barely misses you.
You hit the death yak. You burn the death yak.
The death yak is moderately wounded.
The death yak gores you but does no damage.
You hit the death yak. You burn the death yak.
The death yak is moderately wounded.
The bullfrog releases a deep croak.
You slice the death yak!! You burn the death yak.
The death yak is severely wounded.
The death yak gores you!!
* * * LOW HITPOINT WARNING * * *
You slash the death yak! You burn the death yak.
The death yak is almost dead.
The death yak gores you but does no damage.
You hit the death yak. You burn the death yak.
The death yak is almost dead.
The death yak gores you!
You die...

..... .. .⌠. ..... .
#... .... . ###....
#..#. ##....... #
#.#.###......# #..
#.#........#
.#.P##.#.<.....#
.......#YF..###....#
#..†@##.#.... ...
##P.#.####.... # ###
## ..... .... ....
...


You could see a death yak and a bullfrog.

Vanquished Creatures
  An alligator (Lair:2)
  8 death yaks
  Sonja (Lair:1)
  Pikel (D:8)
  Joseph (D:8)
  The ghost of Esekla the Thaumaturge, a novice DEWr of Vehumet (D:7)
  2 black mambas
  A cane toad (Lair:1)
  2 torpor snails
  Jeremiah (D:7)
  A rime drake (Lair:2)
  2 komodo dragons
  A hornet (D:8)
  5 blink frogs (Lair:1)
  28 yaks
  Edmund (D:5)
  7 water moccasins
  2 orc warriors (D:8)
  A sky beast (D:8)
  A swamp drake (Lair:2)
  An ice beast (D:7)
  A black bear (D:8)
  4 wolves (Lair:1)
  An ogre (D:5)
  A phantom (D:6)
  2 lemures (D:7)
  3 centaurs
  3 gnoll sergeants
  14 bullfrogs
  6 wights
  An electric eel (Lair:1)
  2 howler monkeys
  2 hounds
  A gnoll bouda (D:7)
  5 orc priests
  Crazy Yiuf (D:6)
  4 jellies
  An iguana (D:5)
  4 orc wizards
  16 gnolls
  6 adders
  2 ufetubi (D:5)
  10 dart slugs
  3 ribbon worms
  20 orcs
  14 endoplasms
  16 giant cockroaches
  5 goblins
  8 hobgoblins
  9 jackals
  10 quokkas
  16 ball pythons
  8 bats
  13 frilled lizards
  10 kobolds
  8 rats
299 creatures vanquished.

Vanquished Creatures (others)
  A kobold brigand (D:7)
1 creature vanquished.

Grand Total: 300 creatures vanquished

Notes
Turn   | Place    | Note
-------+----------+-------------------------------------------
     0 | D:1      | jackrogers the Hill Orc Fighter began the quest for the
                  | Orb.
     0 | D:1      | Reached XP level 1. HP: 19/19 MP: 1/1
   110 | D:1      | Reached skill level 3 in Axes
   111 | D:1      | Reached XP level 2. HP: 26/27 MP: 2/2
   214 | D:1      | Reached skill level 1 in Polearms
   228 | D:1      | Reached XP level 3. HP: 30/33 MP: 3/3
   528 | D:1      | Reached skill level 4 in Axes
  1224 | D:2      | Reached XP level 4. HP: 38/40 MP: 4/4
  1670 | D:2      | Reached skill level 5 in Axes
  2037 | D:3      | Found a glowing drain.
  2047 | Sewer    | Entered a sewer
  2081 | Sewer    | Reached XP level 5. HP: 46/46 MP: 5/5
  2162 | Sewer    | Reached skill level 6 in Axes
  2366 | Sewer    | Reached skill level 7 in Axes
  2366 | Sewer    | Reached XP level 6. HP: 39/52 MP: 6/6
  2757 | D:3      | Reached skill level 8 in Axes
  3437 | D:4      | Identified the amulet "Ufam" {Reflect Harm rPois Str-4 SH+5
                  | SInv}
  3588 | D:4      | Found an ornate altar of the Wu Jian Council.
  3619 | D:4      | Reached XP level 7. HP: 57/58 MP: 7/7
  3965 | D:4      | Reached skill level 9 in Axes
  4015 | D:4      | Found a glowing silver altar of Zin.
  4016 | D:4      | Found a glowing golden altar of the Shining One.
  4350 | D:5      | Entered Level 5 of the Dungeon
  4598 | D:5      | Noticed Edmund
  4612 | D:5      | Killed Edmund
  4613 | D:5      | Reached skill level 10 in Axes
  4780 | D:5      | Found a broken altar of Ashenzari.
  5147 | D:5      | Found a snail-covered altar of Cheibriados.
  5420 | D:6      | Got the Compendium of Guile
  5441 | D:6      | Reached skill level 11 in Axes
  5441 | D:6      | Reached XP level 8. HP: 66/66 MP: 8/8
  5453 | D:6      | Found a shimmering blue altar of Sif Muna.
  5700 | D:6      | Reached skill level 12 in Axes
  5874 | D:6      | Found a staircase to the Ecumenical Temple.
  5894 | D:6      | Found a shimmering altar of Xom.
  5912 | Temple   | Entered the Ecumenical Temple
  5954 | Temple   | Became a worshipper of Warmaster Okawaru
  6137 | D:6      | Found a runed translucent door.
  6138 | D:6      | Noticed Crazy Yiuf
  6224 | D:6      | Killed Crazy Yiuf
  6524 | D:7      | Noticed a yak
  6524 | D:7      | Noticed a yak
  6524 | D:7      | Noticed a yak
  6526 | D:7      | Noticed a yak
  6531 | D:7      | Killed a yak
  6532 | D:7      | Noticed a yak
  6535 | D:7      | Killed a yak
  6536 | D:7      | Reached skill level 13 in Axes
  6538 | D:7      | Killed a yak
  6540 | D:7      | HP: 1/66 [yak (6)]
  6543 | D:7      | Killed a yak
  6543 | D:7      | Reached * piety under Okawaru
  6544 | D:7      | Reached skill level 14 in Axes
  6544 | D:7      | Reached XP level 9. HP: 23/71 MP: 9/9
  6781 | D:7      | Noticed Jeremiah
  6789 | D:7      | Killed Jeremiah
  6790 | D:7      | Reached skill level 15 in Axes
  6919 | D:7      | Found a runed translucent gate.
  6919 | D:7      | Found a runed translucent gate.
  6919 | D:7      | Found a runed translucent gate.
  7090 | D:7      | Found a bloodstained altar of Trog.
  7529 | D:7      | Noticed Esekla's ghost (novice DEWr)
  7545 | D:7      | Killed Esekla's ghost
  7545 | D:7      | Reached ** piety under Okawaru
  7546 | D:7      | Reached skill level 16 in Axes
  7653 | D:8      | Noticed a death yak
  7657 | D:8      | Noticed a death yak
  7680 | D:7      | Killed a death yak
  7681 | D:7      | Reached XP level 10. HP: 29/80 MP: 10/10
  7835 | D:8      | Noticed a death yak
  7845 | D:7      | Killed a death yak
  7845 | D:7      | Reached *** piety under Okawaru
  7846 | D:7      | Reached skill level 5 in Fighting
  7848 | D:8      | Noticed Pikel
  7860 | D:8      | Killed a death yak
  7860 | D:8      | Reached **** piety under Okawaru
  7861 | D:8      | Reached skill level 5 in Armour
  7861 | D:8      | Reached skill level 5 in Shields
  7962 | D:8      | Killed Pikel
  7963 | D:8      | Reached skill level 17 in Axes
  7987 | D:8      | Found a staircase to the Lair.
  8112 | D:8      | Noticed Joseph
  8131 | D:8      | Killed Joseph
  8191 | D:8      | Reached ***** piety under Okawaru
  8232 | D:8      | Paralysed by a hornet for 3 turns
  8616 | D:8      | Found a blossoming altar of Fedhas.
  8879 | D:8      | Reached XP level 11. HP: 87/92 MP: 11/11
  8904 | D:9      | Found Lelear's Distillery.
  8939 | D:8      | Received a gift from Okawaru
  9180 | Lair:1   | Entered Level 1 of the Lair of Beasts
  9556 | Lair:1   | Noticed a death yak
  9556 | Lair:1   | Noticed a death yak
  9570 | Lair:1   | Killed a death yak
  9575 | Lair:1   | Killed a death yak
  9576 | Lair:1   | Reached skill level 18 in Axes
  9658 | Lair:1   | Noticed Sonja
  9676 | Lair:1   | Killed Sonja
  9743 | Lair:1   | Found a basalt altar of Yredelemnul.
  9875 | Lair:1   | Received a gift from Okawaru
 10371 | Lair:1   | Reached ****** piety under Okawaru
 10485 | Lair:2   | Reached XP level 12. HP: 66/99 MP: 12/12
 10565 | Lair:2   | Noticed an alligator
 10621 | Lair:2   | Killed an alligator
 10748 | Lair:2   | Received a gift from Okawaru
 11457 | Lair:2   | Found a staircase to the Swamp.
 11579 | Lair:3   | Noticed a death yak
 11580 | Lair:3   | Noticed a death yak
 11580 | Lair:3   | Noticed a death yak
 11583 | Lair:3   | Noticed a death yak
 11617 | Lair:3   | Killed a death yak
 11618 | Lair:3   | Reached skill level 10 in Fighting
 11632 | Lair:3   | Killed a death yak
 11639 | Lair:3   | Killed a death yak
 11653 | Lair:3   | Reached skill level 19 in Axes
 11658 | Lair:3   | HP: 5/107 [death yak (19)]
 11666 | Lair:3   | Slain by a death yak

Illustrated notes

Levels and vault maps discovered:
D:1:      nicolae_arrival_somewhat_less_tricky_arrival, layout_basic,
          minmay_indecisive_spiral
D:2:      layout_loops_ring, grunt_ministairs_14
D:3:      layout_loops_ring, gup_sewer_entry_pipe,
          chequers_serial_rivers_micro_c, kennysheep_potato
D:4:      layout_layer_cave, mainiacjoe_overflow_divided_tiny,
          nicolae_overflow_crystal_walls
D:5:      layout_loops_ring, mainiacjoe_overflow_concentric_impassable,
          kennysheep_mini, uniq_edmund
D:6:      layout_cave_pools, mainiacjoe_overflow_alcove_2,
          nicolae_sif_muna_little_library, temple_doors_e,
          uniq_crazy_yiuf_cottage
D:7:      layout_gridville, nicolae_overflow_hidden_temple,
          ebering_ghost_rock_garden, uniq_jeremiah
D:8:      layout_loops_ring, fedhas_bush_and_centaur_altar, dpeg_lair_monsters,
          uniq_pikel, uniq_joseph
D:9:      layout_loops_ring, amcnicky_altar_gilded, serial_shops, shop,
          nicolae_shop_trees, uniq_erolcha
Temple:   minmay_temple_curvy_loop
Lair:1:   layout_chaotic_city, basic_altar, grunt_megastairs_1,
          serial_bayou_shore_a, uniq_sonja
Lair:2:   layout_cave_shapes, mainiacjoe_swamp_entry_lozenge_pond,
          grunt_megastairs_2
Lair:3:   layout_regular_city, nicolae_snake_entry_warm_welcome,
          gammafunk_ghost_arena, forest_entry_grove, lemuel_fruit_tree,
          grunt_megastairs_4, infiniplex_staircase_pool_2, uniq_amaemon

Skill      XL: |  1  2  3  4  5  6  7  8  9 10 11 12 |
---------------+-------------------------------------+-----
Axes           | 3 4 5 7 8 11 14 16 17 18 19 | 19.0
Polearms       | 1 2 |  2.2
Fighting       | 4 7 9 10 | 10.4
Armour         | 4 6 8 9 |  9.5
Shields        | 4 6 8 9 |  9.5

Action                     |  1- 3 |  4- 6 |  7- 9 | 10-12 || total
---------------------------+-------+-------+-------+-------++-------
  Melee: War axe           |   109 |   233 |   177 |   414 ||   933
  Throw: Boomerang         |       |       |       |     3 ||     3
    Use: Scroll            |     2 |     5 |     9 |     4 ||    20
         Potion            |       |       |     6 |     1 ||     7
 Armour: Scale mail        |    66 |   147 |    53 |       ||   266
         Plate armour      |       |       |    54 |   259 ||   313
  Dodge: Dodged            |    69 |    75 |    41 |    74 ||   259
  Block: Buckler           |    30 |   101 |    82 |   182 ||   395
         Reflection        |       |     4 |     4 |     7 ||    15
